Map: Hardwire LE

Players

Dark

  • Race: Zerg Zerg

Gerald - Winner!

  • Race: Protoss Protoss
  • League: Master

VOD

Have the link to the VOD?

Description

Time

  • Played on: March 7, 2022, 9:15 p.m.
  • Length: 14:30
Show
View Real Time Build Order
Export as new Build Order

Dark Zerg 

Build Orders: Hatch First, Lurkers, Roach Hydra 

Get SALT Encoding   

  12  0:00  Drone  
  13  0:12  Overlord  
  13  0:16  Drone  
  14  0:31  Drone x2  
  14  0:35  Drone  
  17  0:51  Hatchery  
  17  0:54  Drone  
  17  0:57  Drone  
  18  1:09  Extractor  
  17  1:12  Spawning Pool  
  17  1:17  Drone  
  17  1:19  Drone  
  18  1:28  Drone  
  19  1:39  Drone  
  20  1:49  Drone  
  21  2:01  Zergling x2  
  22  2:02  Queen  
  22  2:03  Queen  
  22  2:04  Drone  
  27  2:11  Metabolic Boost  
  27  2:14  Overlord  
  27  2:15  Drone  
  28  2:32  Drone x2  
  28  2:33  Drone  
  28  2:35  Drone  
  32  2:40  Hatchery  
  31  2:47  Queen  
  33  2:53  Overlord  
  33  2:54  Drone  
  33  2:57  Zergling x2  
  35  2:59  Drone  
  36  3:12  Drone x2  
  37  3:15  Drone  
  37  3:16  Drone x2  
  37  3:18  Drone  
  41  3:21  Drone  
  41  3:23  Queen  
  43  3:35  Overlord  
  43  3:36  Overlord  
  43  3:44  Overlord  
  43  3:52  Queen x2  
  43  3:55  Zergling x8  
  50  3:57  Spore Crawler  
  50  3:58  Drone x2  
  50  3:59  Spore Crawler  
  50  4:00  Drone  
  52  4:03  Drone  
  52  4:04  Drone  
  52  4:08  Drone x2  
  52  4:09  Drone  
  57  4:10  Drone  
  57  4:16  Queen  
  60  4:19  Drone x2  
  60  4:22  Drone  
  63  4:24  Drone x2  
  63  4:29  Drone  
  63  4:31  Drone  
  66  4:36  Overlord  
  66  4:37  Lair  
  65  4:40  Extractor  
  65  4:42  Overlord  
  63  4:47  Zergling x6  
  63  4:49  Overlord  
  63  4:50  Drone  
  66  4:56  Extractor, Drone x3  
  66  4:59  Extractor, Drone  
  68  5:03  Roach Warren  
  68  5:04  Drone  
  68  5:05  Queen  
  70  5:07  Drone  
  70  5:08  Drone x3  
  70  5:09  Evolution Chamber  
  70  5:11  Drone  
  73  5:15  Drone  
  73  5:18  Drone x3  
  77  5:24  Overlord  
  77  5:25  Drone x2  
  77  5:27  Overlord  
  79  5:31  Overlord x3  
  79  5:37  Zerg Missile Weapons Level 1  
  78  5:44  Roach x4  
  78  5:45  Extractor x2, Drone x2  
  78  5:46  Roach  
  78  5:48  Drone x2  
  88  5:50  Glial Reconstitution  
  88  5:52  Roach  
  90  6:01  Hydralisk Den  
  90  6:03  Drone x6  
  95  6:07  Drone x3  
  98  6:18  Evolution Chamber  
  97  6:27  Overlord  
  98  6:33  Evolution Chamber  
  98  6:36  Roach x8  
  98  6:38  Roach x3  
  119  6:42  Roach x2  
  119  6:44  Hatchery  
  119  6:47  Drone x2  
  119  6:48  Drone x2  
  122  7:06  Drone x3  
  125  7:10  Infestation Pit  
  123  7:20  Drone x7  
  123  7:24  Drone  
  123  7:25  Drone  
  117  7:42  Grooved Spines  
  116  7:45  Drone x3  
  116  7:46  Drone x4  
  123  7:53  Hydralisk x2  
  123  7:56  Hive, Lurker Den  
  123  7:57  Hydralisk  
  128  7:58  Hydralisk  
  130  8:06  Zerg Missile Weapons Level 2  
  130  8:09  Hydralisk x2  
  130  8:11  Hydralisk  
  136  8:16  Drone  
  136  8:17  Drone x3  
  140  8:25  Hydralisk  
  140  8:26  Hydralisk  
  142  8:43  Drone x2  
  142  8:44  Overlord x3  
  142  8:45  Overlord  
  142  8:46  Extractor  
  142  8:47  Spore Crawler  
  142  8:48  Extractor  
  141  8:53  Drone x2  
  141  8:54  Muscular Augments, Drone  
  142  9:00  Evolution Chamber  
  137  9:03  Hydralisk x3  
  137  9:04  Hydralisk  
  137  9:05  Drone x6  
  137  9:08  Hydralisk  
  149  9:10  Overseer  
  133  9:19  Adaptive Talons  
  133  9:23  Spore Crawler  
  133  9:24  Spore Crawler  
  129  9:29  Baneling Nest  
  128  9:33  Hydralisk  
  128  9:36  Drone  
  131  9:38  Zerg Ground Armor Level 1  
  131  9:43  Lurker x2  
  131  9:44  Lurker x2, Drone  
  131  9:45  Drone x2  
  138  9:49  Hydralisk x3  
  144  9:56  Drone x5  
  144  9:59  Lurker, Spore Crawler  
  143  10:05  Drone x3  
  146  10:09  Viper  
  146  10:10  Hydralisk x2  
  153  10:16  Seismic Spines  
  153  10:21  Hatchery  
  153  10:22  Spore Crawler  
  153  10:25  Hatchery  
  150  10:28  Hydralisk x2  
  150  10:29  Lurker  
  150  10:30  Lurker  
  156  10:37  Hydralisk x3  
  161  10:45  Lurker  
  161  10:46  Overlord  
  162  10:50  Spore Crawler  
  162  10:52  Lurker, Spore Crawler  
  141  11:11  Hydralisk x6  
  141  11:15  Zergling x14  
  141  11:16  Queen  
  158  11:34  Hydralisk x6  
  158  11:38  Hydralisk  
  158  11:39  Hydralisk  
  148  11:46  Hydralisk x3  
  140  11:50  Hydralisk  
  138  11:54  Spore Crawler  
  138  11:55  Spore Crawler  
  138  11:58  Hydralisk  
  138  12:06  Spore Crawler  
  138  12:08  Hydralisk x2  
  137  12:13  Hydralisk  
  135  12:25  Lair  
  135  12:28  Drone  
  135  12:29  Drone  
  138  12:30  Drone x3  
  138  12:33  Hatchery  
  139  12:41  Drone  
  139  12:42  Drone  
  131  13:01  Drone x2  
  131  13:02  Lurker x5  
  138  13:13  Roach x4  
  138  13:16  Roach  
  138  13:17  Spawning Pool  
  147  13:20  Roach  
  147  13:23  Roach  
  151  13:37  Hatchery  
  151  13:41  Overseer  
  150  13:54  Hatchery  
  149  14:03  Drone x2  
  149  14:04  Drone x3  
  149  14:05  Drone  
  149  14:09  Overlord  
  155  14:15  Overseer  
  155  14:19  Hydralisk Den  
Show
View Real Time Build Order
Export as new Build Order

Gerald Protoss - Winner!

Build Orders: 1 Gate Expand, Oracle Opening 

Get SALT Encoding   

  12  0:00  Probe  
  13  0:12  Probe  
  14  0:19  Pylon  
  14  0:24  Probe  
  15  0:38  Probe (Chrono Boost)  
  15  0:40  Gateway  
  16  0:46  Probe (Chrono Boost)  
  16  0:49  Assimilator  
  17  0:52  Probe  
  18  1:04  Probe  
  19  1:16  Probe  
  20  1:27  Nexus  
  20  1:29  Probe  
  21  1:39  Cybernetics Core  
  21  1:43  Probe  
  22  1:48  Assimilator  
  22  1:55  Probe  
  22  1:57  Pylon  
  23  2:12  Adept (Chrono Boost)  
  23  2:15  Probe  
  26  2:19  Stargate  
  26  2:27  Probe  
  27  2:32  Adept (Chrono Boost)  
  27  2:35  Warp Gate  
  29  2:39  Probe  
  29  2:40  Probe  
  31  2:51  Probe  
  31  2:52  Probe  
  31  2:57  Adept  
  35  3:02  Gateway  
  35  3:03  Probe  
  35  3:04  Void Ray (Chrono Boost)  
  40  3:15  Probe x2  
  42  3:23  Pylon  
  43  3:27  Probe  
  43  3:28  Probe  
  42  3:37  Oracle (Chrono Boost)  
  42  3:39  Probe  
  42  3:41  Probe  
  47  3:51  Probe  
  47  3:53  Twilight Council, Probe  
  49  4:02  Pylon  
  49  4:03  Probe  
  49  4:05  Nexus  
  49  4:09  Probe  
  51  4:13  Gateway  
  51  4:16  Gateway  
  51  4:24  Resonating Glaives (Chrono Boost)  
  51  4:25  Probe x2  
  51  4:28  Assimilator  
  53  4:37  Adept, Probe x2  
  53  4:38  Adept  
  57  4:49  Probe x2  
  57  4:52  Pylon  
  59  4:57  Pylon  
  59  4:59  Adept  
  61  5:01  Probe  
  62  5:10  Probe  
  62  5:13  Probe  
  64  5:14  Assimilator  
  64  5:15  Adept x3  
  64  5:18  Probe  
  64  5:21  Shield Battery  
  71  5:22  Probe  
  71  5:25  Probe  
  73  5:30  Probe  
  73  5:34  Adept, Probe  
  77  5:36  Adept x3  
  77  5:37  Probe  
  77  5:42  Probe (Chrono Boost)  
  83  5:50  Probe x2 (Chrono Boost)  
  83  5:54  Probe (Chrono Boost)  
  83  5:55  Stargate  
  83  5:56  Adept  
  88  5:58  Stargate  
  88  6:01  Probe (Chrono Boost)  
  88  6:03  Adept, Sentry  
  93  6:05  Assimilator  
  93  6:07  Assimilator  
  93  6:08  Protoss Air Weapons Level 1, Pylon  
  93  6:17  Probe x2  
  93  6:20  Void Ray  
  93  6:26  Probe  
  93  6:29  Probe x2  
  100  6:35  Pylon  
  100  6:37  Pylon  
  100  6:38  Probe  
  101  6:41  Forge  
  101  6:42  Probe x2  
  101  6:47  Void Ray  
  101  6:53  Probe  
  101  6:54  Void Ray  
  106  6:55  Gateway  
  106  6:56  Gateway  
  106  6:57  Void Ray  
  106  6:58  Probe  
  106  6:59  Pylon  
  107  7:02  Pylon  
  107  7:03  Pylon  
  111  7:10  Dark Shrine  
  111  7:14  Pylon  
  111  7:15  Pylon  
  111  7:22  Probe  
  110  7:24  Void Ray  
  110  7:27  Charge (Chrono Boost)  
  106  7:31  Void Ray  
  106  7:32  Probe  
  106  7:35  Gateway  
  111  7:37  Gateway  
  111  7:38  Void Ray  
  111  7:40  Gateway  
  111  7:41  Forge  
  113  7:51  Zealot x4  
  113  7:53  Shield Battery  
  113  7:58  Pylon, Nexus  
  121  7:59  Zealot x2  
  121  8:02  Templar Archives  
  121  8:05  Pylon  
  125  8:07  Protoss Ground Weapons Level 1  
  125  8:18  Zealot x4  
  133  8:20  Shield Battery  
  133  8:30  Zealot x3  
  133  8:31  Probe x2  
  133  8:32  Probe  
  142  8:35  Robotics Facility  
  138  8:42  Dark Templar  
  138  8:43  Dark Templar x3  
  138  8:45  Zealot x2  
  150  8:49  Void Ray  
  150  8:50  Void Ray  
  146  9:00  Zealot x3  
  146  9:01  Probe  
  146  9:02  Probe x2  
  142  9:10  Psionic Storm, Protoss Ground Armor Level 1 (Chrono Boost)  
  142  9:12  Probe  
  142  9:13  Probe, Pylon  
  142  9:14  Probe x2  
  147  9:24  Probe  
  147  9:25  Probe  
  147  9:26  Probe  
  147  9:30  Probe  
  148  9:31  Observer  
  148  9:32  High Templar  
  151  9:41  Photon Cannon  
  151  9:43  Zealot x5  
  160  9:47  Assimilator, High Templar x2  
  160  9:52  Assimilator, Warp Prism (Chrono Boost)  
  162  9:54  Probe  
  162  9:57  Probe  
  166  10:01  Photon Cannon  
  166  10:02  Pylon  
  166  10:05  High Templar x2  
  166  10:06  Zealot x5  
  180  10:10  Archon x2  
  180  10:22  Nexus  
  180  10:23  Probe, Pylon  
  180  10:27  Protoss Ground Weapons Level 2 (Chrono Boost)  
  181  10:31  Zealot x2  
  181  10:32  Zealot x5  
  195  10:41  Fleet Beacon  
  188  10:44  Pylon  
  188  10:49  Gateway  
  188  10:52  Gateway  
  131  11:04  Archon  
  131  11:05  Zealot x7  
  131  11:06  Zealot x2  
  131  11:09  Void Ray x2  
  143  11:26  Zealot x2  
  143  11:27  Zealot x7  
  143  11:32  Void Ray  
  133  11:46  Void Ray  
  125  11:53  Dark Templar  
  125  11:54  Dark Templar x6  
  131  11:57  Void Ray  
  137  12:08  Zealot x4  
  137  12:09  Void Ray  
  137  12:11  Immortal (Chrono Boost)  
  141  12:28  Zealot x10  
  161  12:31  Probe  
  160  12:47  Carrier (Chrono Boost), High Templar  
  160  12:49  Immortal (Chrono Boost)  
  166  12:54  Carrier (Chrono Boost)  
  162  13:04  Carrier (Chrono Boost)  
  162  13:06  High Templar  
  162  13:07  High Templar x2  
  162  13:10  Photon Cannon  
  162  13:11  Shield Battery  
  168  13:12  Pylon  
  168  13:15  Assimilator  
  168  13:17  Assimilator  
  174  13:26  Observer (Chrono Boost)  
  175  13:28  Pylon  
  179  13:58  Nexus  
  179  14:00  Pylon  
Tags
 
Add a new tag
Caveats
  • Supply blocks, unpowered buildings, or Contaminate may cause inaccurate times.
  • Supply counts are checked every 10 seconds.